 Dungeon Crawl Stone Soup version 0.26.1-11-gd32895ea62 (webtiles) character file.

Game seed: 1272189887694447430

124 MisterFreud the Ruffian (level 4, -2/44 HPs)
             Began as a Troll Monk on May 8, 2021.
             Slain by Pikel
             ... wielding a +0 whip of electrocution
              (19 damage)
             ... on level 4 of the Dungeon.
             The game lasted 00:02:23 (2138 turns).

MisterFreud the Ruffian (Troll Monk)                Turns: 2138, Time: 00:02:24

Health: -2/44      AC:  6    Str: 19    XL:     4   Next: 81%
Magic:  3/3        EV: 10    Int:  6    God:
Gold:   83         SH:  0    Dex: 13    Spells: 3/3 levels left

rFire    . . .     SeeInvis .     - Unarmed
rCold    . . .     Faith    .   (no shield)
rNeg     . . .     Spirit   .   a - +0 robe
rPois    .         Reflect  .   (helmet restricted)
rElec    .         Harm     .   k - scarf {+Inv}
rCorr    .         Rampage  .   (gloves unavailable)
Will     .....                  (boots unavailable)
Stlth    +.........             (no amulet)
HPRegen  0.54/turn              j - ring of attention (curse)
MPRegen  0.08/turn              (no ring)

@: mighty, attractive
A: large, unfitting armour, claws 3, regeneration 1, shaggy fur 1, tough skin 3
a: Evoke Invisibility


You were on level 4 of the Dungeon.
You visited 1 branch of the dungeon, and saw 4 of its levels.

You collected 83 gold pieces.

Inventory:

Missiles
 p - 3 silver javelins (quivered)
Armour
 a - a +0 robe (worn)
 k - a scarf of invisibility (worn)
Jewellery
 j - a cursed ring of attention (left claw)
 n - an uncursed amulet of faith {unknown}
Scrolls
 c - a scroll of amnesia {unknown}
 d - a scroll of teleportation {unknown}
 e - 4 scrolls of remove curse {unknown}
 f - 2 scrolls of enchant armour {unknown}
 g - 2 scrolls of identify {unknown}
 h - a scroll of enchant weapon {unknown}
 o - a scroll of magic mapping {unknown}
Potions
 b - 2 potions of attraction
 i - a potion of magic
 q - a potion of ambrosia {unknown}
 r - a potion of heal wounds {unknown}


   Skills:
 - Level 2.4 Fighting
 - Level 2.4 Dodging
 - Level 1.0 Stealth
 + Level 5.6 Unarmed Combat


You had 3 spell levels left.
You didn't know any spells.
Your spell library was empty.

Dungeon Overview and Level Annotations

Branches:
Dungeon (4/15)
 Temple: D:4-7

Altars:

Annotations:
D:4 Pikel


Innate Abilities, Weirdness & Mutations

You are too large for most types of armour.
You have claws for hands.
Your natural rate of healing is unusually fast.
You are covered in fur. (AC +1)
You have extremely tough skin. (AC +3)


Message History

You barely miss Pikel.
Pikel is moderately wounded.
Pikel zaps a wand.
Your will is overpowered!
You are confused.
You bump into the rock wall.
Pikel hits you with a +0 whip of electrocution!
You bump into the rock wall.
Pikel closely misses you.
It was a potion of attraction.
You feel attractive to monsters.
Pikel hits you with a +0 whip of electrocution.
* * * LOW HITPOINT WARNING * * *
It was a potion of magic.
Magic courses through your body.
Pikel hits you with a +0 whip of electrocution!
* * * LOW HITPOINT WARNING * * *
It was a potion of might.
You feel very mighty all of a sudden.
You feel less confused.
Pikel zaps a wand.
You resist with some effort.
It was a potion of curing.
You feel better. Pikel hits you but does no damage.
You are electrocuted!!
You die...

.....#######
(##......... ### ###
.##......... #<# #.#
.##..$...... #.#
#.###.##.........
#.###......#.........
#)##.....###.........
#......))###55.......
####.....)@Koh.......
#......###5.......
#......# #........
#......# ###.#####
#......... .#
########## ##


You could see Pikel, 3 lemures, an orc and a jackal.

Vanquished Creatures
  A lemure (D:4)
  An orc priest (D:4)
  2 adders
  An ooze (D:1)
  3 worms
  A leopard gecko (D:2)
  4 orcs (D:4)
  6 bats
  2 giant cockroaches
  5 goblins
  8 hobgoblins
  4 kobolds
  3 quokkas (D:2)
  A ball python (D:2)
  4 frilled lizards
  21 rats
67 creatures vanquished.

Vanquished Creatures (others)
  5 toadstools (D:1)
5 creatures vanquished.

Grand Total: 72 creatures vanquished

Notes
Turn   | Place    | Note
-------+----------+-------------------------------------------
     0 | D:1      | MisterFreud the Troll Monk began the quest for the Orb.
     0 | D:1      | Reached XP level 1. HP: 22/22 MP: 0/0
    96 | D:1      | Reached XP level 2. HP: 29/29 MP: 1/1
   603 | D:2      | Reached skill level 4 in Unarmed Combat
   647 | D:2      | Reached XP level 3. HP: 36/36 MP: 2/2
  1606 | D:3      | Reached XP level 4. HP: 38/44 MP: 3/3
  1638 | D:3      | Reached skill level 5 in Unarmed Combat
  2115 | D:4      | Noticed a lemure
  2115 | D:4      | Noticed Pikel
  2116 | D:4      | Noticed a lemure
  2119 | D:4      | Noticed a lemure
  2124 | D:4      | Noticed a lemure
  2129 | D:4      | Killed a lemure
  2138 | D:4      | Slain by Pikel

Illustrated notes

Levels and vault maps discovered:
D:1:      ldierk_walled_garden, layout_basic, hangedman_glass_teeth,
          minmay_misc_feat_encased, minmay_misc_feat_tiny, hex_tiny,
          chequers_serial_rivers_micro_b
D:2:      layout_basic, minmay_rat_hole
D:3:      layout_loops_ring
D:4:      layout_basic, uniq_pikel

Skill      XL: |  1  2  3  4 |
---------------+-------------+-----
Unarmed Combat | 4 5 |  5.6
Fighting       | |  2.4
Dodging        | |  2.4
Stealth        | |  1.0

Action                   |  1- 3 |  4- 6 || total
-------------------------+-------+-------++-------
Melee: Unarmed           |   131 |    43 ||   174
       Punch             |     2 |     1 ||     3
  Use: Potion            |       |     4 ||     4
 Stab: Sleeping          |     1 |       ||     1
Armor: Robe              |    71 |    13 ||    84
Dodge: Dodged            |   109 |    20 ||   129
